 Dungeon Crawl Stone Soup version 0.31-a0-988-g08d55dae12 (webtiles) character file.

Game seed: 13304329975818426219

3049 IcyTea the Spear-Bearer (level 10, -12/70 HPs)
             Began as a Formicid Fighter on Nov 3, 2023.
             Mangled by a cyan very ugly thing (18 damage)
             ... on level 1 of the Abyss on Nov 4, 2023.
             The game lasted 00:38:31 (7038 turns).

IcyTea the Spear-Bearer (Formicid Fighter)          Turns: 7038, Time: 00:38:31

Health: -12/70     AC: 14    Str: 24    XL:     10   Next: 11%
Magic:  14/14      EV:  6    Int:  9    God:
Gold:   500        SH:  7    Dex: 13    Spells: 9/15 levels left

rFire   + + .        a - +0 trident
rCold   + + .        B - +2 buckler
rNeg    . . .        u - +0 plate armour
rPois   .            (helmet unavailable)
rElec   .            p - scarf {rC+ rF+}
rCorr   .            r - +2 pair of gloves
SInv    +            (no boots)
Will    +....        (no amulet) Stlth
                     f - ring of protection from cold
HPRegen 0.31/turn    C - ring of protection from fire
MPRegen 0.14/turn

%: no passive effects
@: mighty
A: permanent stasis, dig shafts and tunnels, antennae 3, four strong arms
a: Dig, Shaft Self


You were on level 1 of the Abyss.
You visited 2 branches of the dungeon, and saw 9 of its levels.
You visited the Abyss 1 time.
You also visited: Sewer.

You collected 578 gold pieces.
You spent 78 gold pieces at shops.

Inventory:

Hand Weapons
 a - a +0 trident (weapon)
Missiles
 E - 4 silver javelins
Armour
 m - a +0 cloak
 p - a scarf of resistance (worn)
 r - a +2 pair of gloves (worn)
 u - a +0 plate armour (worn)
 B - a +2 buckler (worn)
Jewellery
 b - a ring of protection from cold
 f - a ring of protection from cold (left hand)
 C - a ring of protection from fire (right hand)
Wands
 q - a wand of flame (10)
Scrolls
 c - a scroll of enchant weapon {unknown}
 e - a scroll of amnesia
 g - a scroll of noise {unknown}
 j - a scroll of vulnerability
 l - a scroll of silence
 o - a scroll of enchant armour {unknown}
 x - a scroll of fear {unknown}
 y - a scroll of butterflies
Potions
 h - 2 potions of mutation
 i - a potion of ambrosia {unknown}
 k - 6 potions of curing
 n - 7 potions of enlightenment
 s - 2 potions of experience {unknown}
 t - 2 potions of invisibility {unknown}
 v - a potion of brilliance {unknown}
 w - a potion of lignification {unknown}
 z - a potion of berserk rage {unknown}
 A - a potion of attraction {unknown}
 D - a potion of cancellation {unknown}


   Skills:
 - Level 3.4 Fighting
 - Level 13.0 Polearms
 - Level 3.3 Armour
 - Level 4.0 Shields
 - Level 3.0 Spellcasting


You had 9 spell levels left.
You knew the following spells:

 Your Spells              Type           Power      Damage    Failure   Level
a - Olgreb's Toxic Radia  Pois           1%         N/A       100%        4
b - Wereblood             Tmut           1%         N/A       100%        2

Your spell library contained the following spells:

 Spells                   Type           Power      Damage    Failure   Level
 Sting                    Tmut/Pois      4%         1d3       99%         1
 Poisonous Vapours        Pois/Air       2%         N/A       100%        2
 Irradiate                Conj/Tmut      0%         3d11      100%        5


Dungeon Overview and Level Annotations

Branches:
Dungeon (8/15)             Temple (1/1) D:4           Sewer (visited)
   Lair: D:8-11

Altars:
Cheibriados
Dithmenos
Elyvilon
Fedhas
Gozag
Kikubaaqudgha
Nemelex Xobeh
Okawaru
Qazlal
Ru
Trog
Uskayaw
Vehumet
Wu Jian
Xom
The Shining One

Shops:
D:1 *   D:5 [   D:7 :

Annotations:
D:8 Psyche


Innate Abilities, Weirdness & Mutations

You cannot be hasted, slowed, berserked, paralysed or teleported.
You can dig through walls and to a lower floor.
You have a pair of large antennae on your head. (SInv)
Your four strong arms can wield two-handed weapons with a shield.


Message History

You hit Psyche but do no damage.
Psyche hits you with a +4 dagger of chaos!
You are cast into the Abyss!
This branch contains the abyssal rune of Zot.
Beware, you cannot shaft yourself on this level. 2 cyan very ugly things come into view.
The cyan very ugly thing gurgles horribly! x2
A neqoxec comes into view.
Reach: a) +0 trident
Press: ? - help, Dir - move target, f - cyan very ugly thing
Aim: a cyan very ugly thing (about 36% to evade your +0 trident)
You reach to attack!
You hit the cyan very ugly thing but do no damage.
You feel very mighty all of a sudden.
You hit the cyan very ugly thing.
The cyan very ugly thing is lightly wounded.
The cyan very ugly thing kicks you but does no damage.
You closely miss the cyan very ugly thing.
The cyan very ugly thing is lightly wounded.
The cyan very ugly thing kicks you but does no damage.
You puncture the cyan very ugly thing!
The cyan very ugly thing is lightly wounded.
You closely miss the cyan very ugly thing.
The cyan very ugly thing is lightly wounded.
The cyan very ugly thing kicks you but does no damage.
You closely miss the cyan very ugly thing.
The cyan very ugly thing is lightly wounded.
The cyan very ugly thing kicks you. The cyan very ugly thing shocks you!!
You puncture the cyan very ugly thing!
The cyan very ugly thing is moderately wounded.
You puncture the cyan very ugly thing!
The cyan very ugly thing is moderately wounded.
The cyan very ugly thing kicks you! The cyan very ugly thing shocks you!!
* * * LOW HITPOINT WARNING * * *
You hit the cyan very ugly thing.
The cyan very ugly thing is moderately wounded.
The cyan very ugly thing kicks you!
* * * LOW HITPOINT WARNING * * *
The cyan very ugly thing shocks you!!
You die...

.. ...## #
#....###
...
.u...##.##
..###.#..##
{ #{ ..#
.##u# ##.#
#@#
#......#
#..#.### #
#..# ###


You could see a cyan very ugly thing.

Vanquished Creatures
  An unseen horror (D:7)
  Grinder (D:6)
  3 wyverns
  A steam dragon (D:8)
  An orc warrior (D:7)
  3 ice beasts
  2 sky beasts
  A centaur (D:7)
  A phantom (D:6)
  2 bullfrogs
  3 scorpions
  3 wights (D:8)
  A howler monkey (D:5)
  An orc priest (D:4)
  2 hounds
  2 gnoll boudas
  3 iguanas
  2 orc wizards (D:7)
  A sickly merfolk siren (Sewer)
  A malarious merfolk avatar (Sewer)
  10 adders
  12 gnolls
  5 river rats (Sewer)
  3 shadow imps
  2 white imps (D:6)
  6 ufetubi
  A worm (D:2)
  2 dart slugs
  22 orcs
  5 endoplasms
  5 giant cockroaches
  9 goblins
  10 hobgoblins
  3 jackals (D:1)
  10 quokkas
  14 ball pythons
  4 bats
  15 frilled lizards
  11 kobolds
  27 rats
211 creatures vanquished.

Notes
Turn   | Place    | Note
-------+----------+-------------------------------------------
     0 | D:1      | IcyTea the Formicid Fighter began the quest for the Orb.
     0 | D:1      | Reached XP level 1. HP: 18/18 MP: 1/1
   143 | D:1      | Reached XP level 2. HP: 24/24 MP: 2/2
   248 | D:1      | Found Gejiadgh's General Store.
   251 | D:1      | Found a faded altar of an unknown god.
   281 | D:1      | Reached skill level 3 in Polearms
   293 | D:1      | Reached XP level 3. HP: 29/29 MP: 3/3
   295 | D:1      | Bought a potion of degeneration for 13 gold pieces
   608 | D:1      | Bought a potion of heal wounds for 65 gold pieces
   904 | D:2      | Reached XP level 4. HP: 35/35 MP: 4/4
  1009 | D:2      | Reached skill level 4 in Polearms
  1759 | D:3      | Reached XP level 5. HP: 41/41 MP: 5/5
  2015 | D:3      | Found a snail-covered altar of Cheibriados.
  2015 | D:3      | Found a glowing golden altar of the Shining One.
  2300 | D:4      | Reached skill level 5 in Polearms
  2446 | D:4      | Reached XP level 6. HP: 47/47 MP: 6/6
  2758 | D:4      | Found a staircase to the Ecumenical Temple.
  2772 | D:4      | Reached skill level 6 in Polearms
  2789 | Temple   | Entered the Ecumenical Temple
  2842 | D:5      | Entered Level 5 of the Dungeon
  2984 | D:5      | Found a glowing drain.
  2996 | Sewer    | Entered a sewer
  3125 | Sewer    | Reached XP level 7. HP: 44/52 MP: 7/7
  3228 | Sewer    | Reached skill level 7 in Polearms
  3605 | D:5      | Found Feirawe's Antique Armour Shop.
  3976 | D:5      | Learned a level 4 spell: Olgreb's Toxic Radiance
  4210 | D:6      | Reached skill level 8 in Polearms
  4238 | D:6      | Reached XP level 8. HP: 58/58 MP: 8/8
  4430 | D:6      | Reached skill level 9 in Polearms
  4606 | D:6      | Noticed Grinder
  4625 | D:6      | Killed Grinder
  4626 | D:6      | Reached skill level 10 in Polearms
  4997 | D:6      | Reached XP level 9. HP: 61/64 MP: 9/9
  5232 | D:7      | Learned a level 2 spell: Wereblood
  5251 | D:7      | Reached skill level 11 in Polearms
  5606 | D:7      | Found Xoqy's Self-Published Books.
  5751 | D:7      | Reached skill level 12 in Polearms
  6004 | D:7      | Noticed an unseen horror
  6016 | D:7      | Killed an unseen horror
  6239 | D:7      | Noticed a komodo dragon
  6786 | D:8      | Reached skill level 13 in Polearms
  6786 | D:8      | Reached XP level 10. HP: 55/70 MP: 10/10
  6803 | D:8      | Reached skill level 1 in Spellcasting
  6917 | D:8      | Identified the +0 helmet of Temperance {Dex+2}
  6966 | D:8      | Noticed Psyche
  6977 | Abyss:1  | Cast into level 1 of the Abyss (Psyche)
  6989 | Abyss:1  | Noticed a cyan very ugly thing
  6989 | Abyss:1  | Noticed a cyan very ugly thing
  7038 | Abyss:1  | Mangled by a cyan very ugly thing

Illustrated notes

Levels and vault maps discovered:
D:1:      onia_arrival_pyramid, layout_rooms, basic_ecumenical_altar,
          serial_shops, shop, minmay_splitting_lines
D:2:      layout_loops_ring, kennysheep_crisscross, dk_noncrumbling_3,
          st_stairs_1
D:3:      corexii_shack_village, layout_basic, gammafunk_temple_overflow_statue
D:4:      layout_basic, minmay_temple_entry_statues_fountains,
          chequers_arboretum, minmay_joined_circles
D:5:      lemuel_ice_spiral_2, layout_basic, serial_shops,
          nicolae_shop_temple_entry_statues_fountains,
          mainiacjoe_sewer_entry_somewhere_in_here_2
D:6:      layout_loops_corners, hangedman_abyss_or_decor_stagger, minivault_26,
          minmay_between, uniq_grinder
D:7:      nicolae_cairo_tiling_large, layout_basic, kennysheep_donut,
          minmay_misc_feat_rows, nicolae_custom_books, minmay_lizard_king
D:8:      layout_basic, minmay_overflow_temple_hex, serial_co_window_serial,
          co_window_corner_a, co_window_paths_b, co_window_paths_a,
          co_window_corner_a, co_window_corner_a, co_window_paths_b,
          co_window_paths_a, co_window_corner_cb, co_window_cross_2,
          co_window_paths_c, co_window_unsneaky_path_b, co_window_paths_c,
          glass_columns_c, glass_columns_b, glass_columns_c, glass_columns_c,
          glass_columns_a, uniq_psyche
Temple:   eino_temple_water
Abyss:1:  base:
D:6

Skill      XL: |  1  2  3  4  5  6  7  8  9 10 |
---------------+-------------------------------+-----
Polearms       | 3 4 5 6 8 10 13 | 13.0
Spellcasting   | 3 |  3.0
Fighting       | |  3.4
Armour         | |  3.3
Shields        | |  4.0

Action                     |  1- 3 |  4- 6 |  7- 9 | 10-12 || total
---------------------------+-------+-------+-------+-------++-------
  Melee: Trident           |   114 |   331 |   468 |    47 ||   960
  Evoke: Wand              |       |       |     3 |       ||     3
    Use: Scroll            |       |     6 |     3 |       ||     9
         Potion            |       |       |     1 |     1 ||     2
 Armour: Scale mail        |    56 |    75 |       |       ||   131
         Plate armour      |       |   149 |   286 |    20 ||   455
  Dodge: Dodged            |    50 |   103 |    85 |     6 ||   244
  Block: Buckler           |    28 |    81 |    98 |     4 ||   211

Table legend: (Time is in decaauts)
 A = Elapsed time spent in this place.
 B = Non-inter-level travel time spent in this place.
 C = Inter-level travel time spent in this place.
 D = Time resting spent in this place.
 E = Time spent auto-exploring this place.
 F = Levels seen in this place.
 G = Mean time per level.
                   A        B        C        D        E       F      G
               +--------+--------+--------+--------+--------+-----+--------+
         Total |   7057 |   6988 |     69 |   1075 |   2629 |  11 |  641.5 |
       Dungeon |   6541 |   6472 |     69 |   1046 |   2629 |   8 |  817.6 |
        Temple |      1 |      1 |      0 |      0 |      0 |   1 |    1.0 |
         Abyss |     58 |     58 |      0 |      0 |      0 |   1 |   58.0 |
         Sewer |    456 |    456 |      0 |     29 |      0 |   1 |  456.0 |
               +--------+--------+--------+--------+--------+-----+--------+

Top non-repeatable levels by time:
     D:7: 1093 daAuts
     D:6: 1026 daAuts
     D:2: 982 daAuts
     D:5: 882 daAuts
     D:3: 700 daAuts
     D:8: 659 daAuts
     D:1: 615 daAuts
     D:4: 580 daAuts
   Sewer: 456 daAuts
 Abyss:1: 58 daAuts
  Temple: 1 daAuts
